 Dungeon Crawl Stone Soup version 0.31-a0-152-g6aa68a64a1 (webtiles) character file.

Game seed: 15390870726227773678

88 IdlyInterested the Trooper (level 4, -8/37 HPs)
             Began as a Demonspawn Fighter on June 9, 2023.
             Killed by divine providence
             ... invoked by an orc priest
              (12 damage)
             ... on level 3 of the Dungeon.
             The game lasted 00:04:22 (2449 turns).

IdlyInterested the Trooper (Demonspawn Fighter)     Turns: 2449, Time: 00:04:23

Health: -8/37      AC: 10    Str: 14    XL:     4   Next: 30%
Magic:  4/4        EV:  8    Int: 10    God:
Gold:   116        SH:  8    Dex: 12    Spells: 3/3 levels left

rFire   . . .        a - +0 flail
rCold   . . .        c - +0 buckler
rNeg    . . .        b - +0 scale mail
rPois   +            u - +0 helmet
rElec   +            (no cloak)
rCorr   .            (no gloves)
SInv    .            m - +2 pair of boots
Will    +....        (no amulet) Stlth
                     j - ring of poison resistance
HPRegen 0.26/turn    n - ring "Ixughil" {Fly rElec Will+ Str-4}
MPRegen 0.09/turn

%: no passive effects
@: flying
A: condensation shield
a: no special abilities


You were on level 3 of the Dungeon.
You visited 1 branch of the dungeon, and saw 3 of its levels.

You collected 116 gold pieces.

Inventory:

Hand Weapons
 a - a +0 flail (weapon)
 l - a +0 mace
Missiles
 f - 48 stones (quivered)
 o - 6 curare-tipped darts
 r - 2 poisoned darts
Armour
 b - a +0 scale mail (worn)
 c - a +0 buckler (worn)
 k - a +0 tower shield
 m - a +2 pair of boots (worn)
 u - a +0 helmet (worn)
 v - a +0 helmet
Jewellery
 j - a ring of poison resistance (left hand)
 n - the ring "Ixughil" (right hand) {Fly rElec Will+ Str-4}
   (You found it on level 2 of the Dungeon)

   [ring of flight]

   Str:       It affects your strength (-4).
   rElec:     It insulates you from electricity.
   Fly:       It grants you flight.
   Will:      It increases your willpower.
Scrolls
 e - a scroll of fog {unknown}
 g - 2 scrolls of immolation {unknown}
 h - 3 scrolls of teleportation {unknown}
 p - 2 scrolls of identify {unknown}
 q - a scroll of acquirement {unknown}
 s - 3 scrolls of magic mapping {unknown}
 t - a scroll of blinking {unknown}
 x - a scroll of enchant armour {unknown}
Potions
 d - 3 potions of might
 i - a potion of invisibility {unknown}
 w - a potion of degeneration {unknown}


   Skills:
 * Level 4.3 Fighting
 + Level 2.5 Maces & Flails
 + Level 0.0 Throwing
 - Level 2.6 Armour
 - Level 1.0 Dodging
 - Level 1.0 Stealth
 - Level 2.6 Shields


You had 3 spell levels left.
You didn't know any spells.
Your spell library contained the following spells:

 Spells                   Type           Power      Damage    Failure   Level
 Lesser Beckoning         Tloc           0%         N/A       97%         2
 Call Canine Familiar     Summ           0%         N/A       99%         3
 Gell's Gravitas          Tloc           0%         N/A       99%         3
 Portal Projectile        Hex/Tloc       0%         N/A       99%         3
 Teleport Other           Tloc           0%         N/A       99%         3
 Tukima's Dance           Hex            0%         N/A       99%         3
 Leda's Liquefaction      Hex/Erth       0%         N/A       100%        4
 Blade Hands              Tmut           0%         N/A       100%        5


Dungeon Overview and Level Annotations

Branches:
Dungeon (3/15)

Altars:


Innate Abilities, Weirdness & Mutations

A meltable shield of frost defends you. (SH +4)


Message History

The orc priest hits you with a +0 hand axe.
You sock the orc priest!
The orc priest is almost dead.
The orc priest hits you but does no damage.
You hit the orc priest.
You kill the orc priest!
The orc hits you but does no damage.
Training target 1.0 for Stealth reached!
Your Stealth skill increases to level 1!
You have reached level 4!
You feel clever.
You hit the orc.
The orc is heavily wounded.
The orc hits you with a +0 mace.
You hit the orc.
You kill the orc!
You start resting.
An orc priest is nearby!
Items here: )) [ †.
The orc priest calls down the wrath of Beogh upon you.
Beogh smites you!
You see here a poisoned dart.
You block the orc priest's attack.
You closely miss the orc priest. You block the orc priest's attack.
The orc priest invokes the aid of Beogh against you.
You resist with some effort.
You hit the orc priest.
The orc priest is moderately wounded.
The orc priest hits you with a +0 mace.
You closely miss the orc priest.
The orc priest is moderately wounded.
You block the orc priest's attack.
You closely miss the orc priest.
The orc priest is moderately wounded.
The orc priest calls down the wrath of Beogh upon you.
Beogh smites you!
* * * LOW HITPOINT WARNING * * *
The orc priest mumbles some strange prayers to Beogh against you.
Beogh smites you!
You die...

. #..<#......# #.# #.##
#..##......######.###.##
#..........##.........##
#.#.#......##.....#####.
#.#........##.....# ##[
#.........(##.....# ##..
#####......##.....# #..#
####..o...##.....###.##
+.....@..###.........#
######...###.....#####
#(....#.....#
#)#.#.####.## #<#.#..#
..# ###.# >....


oo# ####. ### You could see an orc priest.

Vanquished Creatures
  An orc priest (D:3)
  2 adders
  A worm (D:2)
  2 orcs
  5 ball pythons
  4 endoplasms
  2 giant cockroaches
  4 hobgoblins
  2 jackals (D:2)
  2 kobolds
  A quokka (D:1)
  2 bats
  2 frilled lizards
  3 goblins
  4 rats
37 creatures vanquished.

Notes
Turn   | Place    | Note
-------+----------+-------------------------------------------
     0 | D:1      | IdlyInterested the Demonspawn Fighter began the quest for
                  | the Orb.
     0 | D:1      | Reached XP level 1. HP: 18/18 MP: 1/1
   353 | D:1      | Gained mutation: A meltable shield of frost defends you.
                  | (SH +4) [demonic ancestry]
   353 | D:1      | Reached XP level 2. HP: 24/24 MP: 2/2
   934 | D:2      | Identified the ring "Ixughil" {Fly rElec Will+ Str-4}
  1054 | D:2      | Reached skill level 1 in Dodging
  1151 | D:2      | Reached XP level 3. HP: 30/30 MP: 3/3
  2315 | D:3      | Reached skill level 4 in Fighting
  2427 | D:3      | Reached skill level 1 in Stealth
  2427 | D:3      | Reached XP level 4. HP: 21/37 MP: 4/4
  2449 | D:3      | Killed from afar by an orc priest

Illustrated notes

Levels and vault maps discovered:
D:1:      dpeg_arrival_rhombi, layout_loops_ring, chequers_serial_rivers_small_b
D:2:      layout_basic
D:3:      layout_basic, dreamdust_ecumenical_altar_hidden_monk_grotto,
          reono_crystal_passage

Skill      XL: |  1  2  3 |
---------------+----------+-----
Maces & Flails | 2 |  2.5
Dodging        | 1 |  1.0
Fighting       | 4 |  4.3
Stealth        | 1 |  1.0
Armour         | |  2.6
Shields        | |  2.6

Action                     |  1- 3 |  4- 6 || total
---------------------------+-------+-------++-------
  Melee: Flail             |   127 |     6 ||   133
  Throw: Stone             |     1 |       ||     1
         Dart              |     2 |       ||     2
 Armour: Scale mail        |    62 |       ||    62
  Dodge: Dodged            |    44 |       ||    44
  Block: Buckler           |    42 |     3 ||    45

Table legend: (Time is in decaauts)
 A = Elapsed time spent in this place.
 B = Non-inter-level travel time spent in this place.
 C = Inter-level travel time spent in this place.
 D = Time resting spent in this place.
 E = Time spent auto-exploring this place.
 F = Levels seen in this place.
 G = Mean time per level.
                   A        B        C        D        E       F      G
               +--------+--------+--------+--------+--------+-----+--------+
         Total |   2497 |   2244 |    253 |    124 |   1604 |   3 |  832.3 |
       Dungeon |   2497 |   2244 |    253 |    124 |   1604 |   3 |  832.3 |
               +--------+--------+--------+--------+--------+-----+--------+

Top non-repeatable levels by time:
     D:2: 1175 daAuts
     D:1: 915 daAuts
     D:3: 406 daAuts
